 Dungeon Crawl Stone Soup version 0.16.2-12-gd0ad4c3 (webtiles) character file.

79 Kira the Sneak (level 4, -5/21 HPs)
             Began as a Spriggan Enchanter on Oct 23, 2015.
             Killed from afar by Natasha (8 damage)
             ... with a magic dart
             ... on level 3 of the Dungeon.
             The game lasted 00:05:42 (1487 turns).

Kira the Sneak (Spriggan Enchanter)                 Turns: 1487, Time: 00:05:42

Health: -5/21      AC:  3    Str:  4    XL:     4   Next: 17%
Magic:  1/14       EV: 19    Int: 17    God:
Gold:   141        SH:  0    Dex: 16    Spells: 3 memorised, 4 levels left

rFire  . . .     SeeInvis +     a - +1 dagger
rCold  . . .     Clarity  .     b - +1 robe
rNeg   . . .     SustAb   .     (shield restricted)
rPois  .         Gourm    .     (helmet restricted)
rElec  .         Spirit   .     (no cloak)
rCorr  .         Warding  .     (gloves unavailable)
rMut   .         Stasis   .     (boots unavailable)
MR     .....                    (no amulet)
Stlth  +++.......               (no ring)
                                (no ring)

@: very slightly contaminated, very quick, not resistant to hostile
enchantments, fairly stealthy
A: unfitting armour, see invisible, herbivore 3, speed 3, slow metabolism 2
a: no special abilities


You were on level 3 of the Dungeon.
You were not hungry.

You visited 1 branch of the dungeon, and saw 3 of its levels.

You collected 141 gold pieces.

Inventory:

Hand weapons
 a - a +1 dagger (weapon)
Armour
 b - a +1 robe (worn)
Scrolls
 f - a scroll of random uselessness {unknown}
 i - 2 scrolls of amnesia {unknown}
 j - 2 scrolls of immolation {unknown}
 k - 2 scrolls of enchant weapon {unknown}
 l - a scroll of identify {unknown}
 m - a scroll of blinking {unknown}
Potions
 e - a potion of curing {unknown}
 g - a potion of heal wounds {unknown}
 n - a potion of invisibility {unknown}
 o - a potion of agility {unknown}
 p - a potion of might {unknown}
 q - a potion of flight {unknown}
 r - a potion of cancellation {unknown}
Books
 c - a book of Maledictions

   Spells                             Type                      Level
   a - Corona                         Hexes                        1
   b - Sure Blade                     Hexes/Charms                 2
   c - Ensorcelled Hibernation        Hexes/Ice                    2
   d - Confuse                        Hexes                        3
   e - Dazzling Spray                 Conjuration/Hexes            3
   f - Enslavement                    Hexes                        4
Comestibles
 d - 2 bread rations
 h - 5 fruits


   Skills:
 + Level 0.1 Fighting
 + Level 1.3 Short Blades
 + Level 3.9 Dodging
 + Level 5.6 Stealth
 + Level 3.5 Spellcasting
 + Level 4.1 Hexes
 + Level 0.2 Ice Magic


You had 4 spell levels left.
You knew the following spells:

 Your Spells              Type           Power        Failure   Level  Hunger
a - Corona                Hex            ###....      2%          1    None
b - Ensorcelled Hibernat  Hex/Ice        ##....       12%         2    ##.....
c - Confuse               Hex            ###.....     10%         3    ###....


Dungeon Overview and Level Annotations

Branches:
Dungeon (3/15)

Altars:
Sif Muna

Annotations:
D:3 Natasha


Innate Abilities, Weirdness & Mutations

You are tiny and cannot use many weapons and most armour.
You have supernaturally acute eyesight.
You are a herbivore.
You cover ground extremely quickly.
You need consume almost no food.


Message History

Casting: Confuse
Confirm with . or Enter, or press ? or * to list all spells.
Aiming: Confuse
Press: ? - help, Shift-Dir - straight line, f/p - Natasha
Aim: Natasha, carrying a wand of magic darts {zapped: 2} (chance 48%)
You miscast Confuse.
You are very lightly contaminated with residual magic.
The light around you dims momentarily. The shadow imp misses you.
Natasha zaps a wand.
The magic dart hits you!
* * * LOW HITPOINT WARNING * * *
Casting: Confuse
Confirm with . or Enter, or press ? or * to list all spells.
You don't have enough magic to cast that spell.
Unknown command.
Casting: Confuse
Confirm with . or Enter, or press ? or * to list all spells.
Okay, then.
Natasha stares at you and mumbles some strange words.
The magic dart hits you!
You die...

....... #.# #...##...........
...... ###.### #...##...........
. .... .....# #...##...........
..##.#####.#.####...##...........
................'...##..........(
.....#####.#.####....#...........
..#### #.#.# ####.#........... .
#...#######.............
########.####.@.....####....###
##........####.......#####)..###
............h'5....(....†.>(....
......(...####......#.####.#.##.
.!.....!.# #......#..###+#'##.
.........# #..................
....$..... #.............†....
^######### #..................
#......##+###+####.


You could see Natasha and a shadow imp.

Vanquished Creatures
  Natasha (D:3)
  Ijyb (D:3)
  A worm (D:3)
  An ooze (D:2)
  2 bats
  2 giant cockroaches (D:1)
  4 hobgoblins
  2 jackals (D:2)
  3 kobolds
  A ball python (D:3)
  2 giant newts
  5 goblins
  2 quokkas
  5 rats
32 creatures vanquished.

Notes
Turn   | Place    | Note
--------------------------------------------------------------
     0 | D:1      | Kira, the Spriggan Enchanter, began the quest for the Orb.
     0 | D:1      | Reached XP level 1. HP: 9/9 MP: 4/4
   360 | D:1      | Reached XP level 2. HP: 10/13 MP: 7/7
   639 | D:2      | Reached skill level 5 in Stealth
   742 | D:2      | Found a deep blue altar of Sif Muna.
  1191 | D:3      | Noticed Natasha
  1192 | D:3      | Killed Natasha
  1192 | D:3      | Reached XP level 3. HP: 16/16 MP: 11/11
  1196 | D:3      | Learned a level 2 spell: Ensorcelled Hibernation
  1200 | D:3      | Learned a level 3 spell: Confuse
  1202 | D:3      | Noticed Ijyb
  1222 | D:3      | Killed Ijyb
  1238 | D:3      | Reached XP level 4. HP: 14/21 MP: 1/14
  1425 | D:3      | Noticed Natasha
  1487 | D:3      | Killed from afar by Natasha

Action                   |  1- 3 |  4- 6 || total
-------------------------+-------+-------++-------
Melee: Dagger            |    73 |    17 ||    90
 Cast: Corona            |     6 |     1 ||     7
       Ensorcelled Hiber |     3 |     2 ||     5
       Confuse           |     1 |     5 ||     6
 Stab: Sleeping          |     5 |     2 ||     7
       Confused          |       |     1 ||     1
